 Dungeon Crawl Stone Soup version 0.21.1-1-g345015fe64 (webtiles) character file.

71 Kejsarherre the Chopper (level 4, 0/35 HPs)
             Began as a Formicid Gladiator on May 12, 2018.
             Succumbed to a worker ant's poison
             ... on level 4 of the Dungeon.
             The game lasted 00:01:50 (309 turns).

Kejsarherre the Chopper (Formicid Gladiator)         Turns: 309, Time: 00:01:51

Health: 0/35       AC:  5    Str: 18    XL:     4   Next: 47%
Magic:  4/4        EV: 12    Int:  9    God:
Gold:   23         SH:  0    Dex: 12    Spells: 3/3 levels left

rFire    . . .     SeeInvis +   a - +0 war axe
rCold    . . .     Gourm    .   (no shield)
rNeg     . . .     Faith    .   h - +0 ring mail
rPois    .         Spirit   .   (helmet unavailable)
rElec    .         Reflect  .   (no cloak)
rCorr    .         Harm     .   (no gloves)
MR       .....                  (no boots)
Stlth    +.........             (no amulet)
HPRegen  0.11/turn              (no ring)
MPRegen  0.09/turn              (no ring)

@: lethally poisoned (0 -> -11)
A: permanent stasis, dig shafts and tunnels, four strong arms, antennae 3
a: Dig, Shaft Self


You were on level 4 of the Dungeon.
You were not hungry.

You visited 1 branch of the dungeon, and saw 5 of its levels.

You collected 23 gold pieces.

Inventory:

Hand Weapons
 a - a +0 war axe (weapon)
Armour
 h - a +0 ring mail (worn)
Wands
 g - a wand of random effects (30)
Comestibles
 d - a ration


   Skills:
 + Level 3.3 Fighting
 + Level 3.7 Axes
 - Level 2.5 Throwing
 - Level 3.0 Dodging


You had 3 spell levels left.
You didn't know any spells.

Dungeon Overview and Level Annotations

Branches:
Dungeon (5/15)
 Temple: D:4-7

Altars:
Ashenzari
Makhleb


Innate Abilities, Weirdness & Mutations

You cannot be hasted, slowed, berserked, paralysed or teleported.
You can dig through walls and to a lower floor.
Your four strong arms can wield two-handed weapons with a shield.
You have a pair of large antennae on your head. (SInv)


Message History

The worker ant is moderately wounded.
The worker ant bites you.
* * * LOW HITPOINT WARNING * * *
You aren't carrying any potions.
As you read the scroll labeled IMUAZI GEJY, it crumbles to dust.
You feel blessed for a moment.
It was a scroll of remove curse.
You feel sick. The worker ant closely misses you.
As you read the scroll labeled NEBINU WOTSIO, it crumbles to dust.
You feel a strange sense of stasis.
It was a scroll of teleportation.
The worker ant bites you.
* * * LOW HITPOINT WARNING * * *
You are more poisoned.
The worker ant poisons you! The worker ant barely misses you.
You closely miss the worker ant.
The worker ant is moderately wounded.
* * * LOW HITPOINT WARNING * * *
You feel sick. The worker ant barely misses you.
You hit the worker ant.
The worker ant is severely wounded.
You die...

....................w.
.........(......w.....
.......#............#
#..................#
##.................#
##..........###.....#
...........## ###..#
#.......a## ..#
#######.@# #
##..###..#
###.._∩##..#
##...†.###.##
##..#..####.# #..#####
#..# ##..### #.##
##...####[# ##....##.#


You could see a worker ant.

Vanquished Creatures
  A hound (D:4)
  Ijyb (D:5)
  An adder (D:4)
  A worm (D:4)
  A frilled lizard (D:4)
5 creatures vanquished.

Notes
Turn   | Place    | Note
-------+----------+-------------------------------------------
     0 | D:1      | Kejsarherre the Formicid Gladiator began the quest for the Orb.
     0 | D:1      | Reached XP level 1. HP: 16/16 MP: 1/1
     2 | D:2      | Found a shattered altar of Ashenzari.
     7 | D:2      | You fall through a shaft!
    10 | D:3      | You fall through a shaft for 2 floors!
    10 | D:5      | Entered Level 5 of the Dungeon
    40 | D:5      | Noticed Ijyb
    68 | D:5      | Killed Ijyb
    68 | D:5      | Reached XP level 2. HP: 15/23 MP: 2/2
    68 | D:5      | Reached XP level 3. HP: 18/28 MP: 3/3
   200 | D:4      | Found a burning altar of Makhleb.
   206 | D:4      | Reached XP level 4. HP: 31/35 MP: 4/4
   309 | D:4      | Succumbed to a worker ant's poison

Skill      XL: |  1  2  3 |
---------------+----------+-----
Fighting       | 3 |  3.3
Dodging        | 3 |  3.0
Axes           | |  3.7
Throwing       | |  2.5

Action                   |  1- 3 |  4- 6 || total
-------------------------+-------+-------++-------
Melee: War axe           |    29 |    19 ||    48
Throw: Throwing net      |     1 |     2 ||     3
 Abil: Shaft Self        |     2 |       ||     2
  Use: Scroll            |       |     2 ||     2
Armor: Leather armour    |     3 |       ||     3
       Ring mail         |     4 |     5 ||     9
Dodge: Dodged            |    21 |     7 ||    28
